 Dungeon Crawl Stone Soup version 0.28.0-45-g0d030f2227 (webtiles) character file.

Game seed: 1938462282551097130

17523 KamiKatze the Cleaver (level 12, -4/101 HPs)
             Began as a Palentonga Berserker on Apr 3, 2022.
             Was a High Priest of Trog.
             Slain by a boulder beetle (33 damage)
             ... on level 2 of the Lair of Beasts.
             The game lasted 00:54:15 (15445 turns).

KamiKatze the Cleaver (Palentonga Berserker)       Turns: 15445, Time: 00:54:15

Health: -4/101     AC: 30    Str: 24    XL:     12   Next: 19%
Magic:  12/12      EV:  9    Int: 13    God:    Trog [*****.]
Gold:   104        SH:  5    Dex: 14    Spells: 11/11 levels left

rFire   + . .      SeeInvis +   a - +4 broad axe (vorpal)
rCold   + . .      Faith    .   l - +0 buckler
rNeg    . . .      Spirit   .   z - +1 ring mail {rF+}
rPois   .          Reflect  .   e - +0 helmet
rElec   +          Harm     .   v - +0 cloak
rCorr   +          Rampage  .   S - +0 pair of gloves
Will    ++...                   u - +6 lightning scales {swift, rElec}
Stlth   +.........              (no amulet)
HPRegen 1.26/turn               T - ring "Tolu" {Fly rC+ Int+4 Dex+4}
MPRegen 0.13/turn               L - ring of resist corrosion

@: strong-willed, on berserk cooldown, flying, regenerating, slowed, curled up,
very slow
A: large, rugged brown scales 3, see invisible, deformed body, roll 1, armoured
tail, reflexive curl
a: Rolling Charge, Renounce Religion, Berserk, Trog's Hand, Brothers in Arms


You were on level 2 of the Lair of Beasts.
You worshipped Trog.
Trog was extremely pleased with you.
You visited 4 branches of the dungeon, and saw 16 of its levels.
You also visited: Ossuary.

You collected 983 gold pieces.
You spent 879 gold pieces at shops.

Inventory:

Hand Weapons
 a - a +4 vorpal broad axe (weapon)
 w - the +10 war axe of Kixucen {flame, rF+ Will+ SInv}
   (You found it on level 1 of the Lair of Beasts)

   It burns those it strikes, dealing additional fire damage.
   Big, fiery blades are also staple armaments of hydra-hunters.
   rF:        It protects you from fire.
   SInv:      It lets you see invisible.
   Will:      It increases your willpower.
 V - a +0 broad axe
Missiles
 f - 330 stones (quivered)
 E - 9 poisoned darts
 K - 4 throwing nets
Armour
 e - a +0 helmet (worn)
 l - a +0 buckler (worn)
 u - the +6 lightning scales (worn) {swift, rElec}
   (You found it on level 4 of the Dungeon)

   It allows the wearer to cover ground more swiftly.
   rElec:     It insulates you from electricity.
 v - a +0 cloak (worn)
 z - a +1 ring mail of fire resistance (worn)
 S - a +0 pair of gloves (worn)
Jewellery
 g - a +6 ring of dexterity
 t - a +6 ring of intelligence
 L - a ring of resist corrosion (right hand)
 T - the ring "Tolu" (left hand) {Fly rC+ Int+4 Dex+4}
   (You bought it in a shop on level 7 of the Dungeon)

   [ring of flight]

   Int:       It affects your intelligence (+4).
   Dex:       It affects your dexterity (+4).
   rC:        It protects you from cold.
   Fly:       It grants you flight.
Wands
 j - a wand of charming (12)
 F - a wand of iceblast (2)
 H - a wand of acid (5)
 P - a wand of flame (20)
Scrolls
 b - a scroll of blinking
 i - 3 scrolls of teleportation
 m - 4 scrolls of fog
 n - a scroll of enchant armour {unknown}
 o - 2 scrolls of magic mapping {unknown}
 q - 2 scrolls of fear {unknown}
 y - a scroll of vulnerability {unknown}
 A - 2 scrolls of identify
 G - 3 scrolls of immolation {unknown}
 I - 2 scrolls of noise {unknown}
 M - a scroll of summoning {unknown}
 U - a scroll of enchant weapon {unknown}
Potions
 c - 4 potions of might
 d - a potion of invisibility
 h - 5 potions of curing
 k - 2 potions of lignification
 p - 2 potions of haste
 s - 2 potions of resistance
 D - a potion of cancellation
 O - a potion of ambrosia
 R - a potion of heal wounds
Miscellaneous
 Q - a tin of tremorstones (2/2)


   Skills:
 + Level 9.0 Fighting
 * Level 13.1 Axes
 + Level 7.1 Armour
 + Level 7.1 Dodging
 + Level 4.2 Shields
 - Level 3.0 Evocations


You had 11 spell levels left.
You didn't know any spells.
Your spell library was empty.

Dungeon Overview and Level Annotations

Branches:
Dungeon (11/15)            Temple (1/1) D:4            Lair (2/6) D:11
    Orc (2/2) D:11        Ossuary (visited)
  Swamp: Lair:2-4    Shoals: Lair:2-4     Snake: Lair:2-4    Spider: Lair:2-4
    Elf: Orc:2

Altars:
Ashenzari
Cheibriados
Dithmenos
Elyvilon
Fedhas
Gozag
Hepliaklqana
Kikubaaqudgha
Makhleb
Nemelex Xobeh
Okawaru
Qazlal
Ru
Sif Muna
Trog
Uskayaw
Vehumet
Wu Jian
Xom
Yredelemnul
Zin
The Shining One
Beogh

Shops:
D:3 [   D:5 *?:   D:7 =

Annotations:
Orc:1 Harold
Orc:2 exclusion: upstairs


Innate Abilities, Weirdness & Mutations

You are completely covered in rugged brown scales. (AC +3, +7% HP)
You have supernaturally acute eyesight. (SInv)
Armour fits poorly on your strangely shaped body.
You can roll at nearby foes to attack.
You have a long armoured tail.
You curl defensively after being hit. (AC +7*)


Message History

You barely miss the cane toad.
The cane toad is heavily wounded.
The cane toad stings you.
You barely miss the cane toad. You tail-slap the cane toad!
The cane toad is severely wounded.
The cane toad barely misses you.
You hit the cane toad.
The cane toad is almost dead.
The cane toad closely misses you.
You slash the cane toad!
You kill the cane toad!
Trog accepts your kill.
Your Fighting skill increases to level 9!
You see here a cane toad corpse.
f - 330 stones (gained 22) Key pressed, stopping explore.
Unknown command.
b - a scroll of blinking You see here a rime drake corpse.
A boulder beetle comes into view.
The boulder beetle curls into a ball and begins rolling!
The boulder beetle hits you!!
The boulder beetle stops rolling and uncurls.
The boulder beetle curls into a ball and begins rolling!
Your skin crawls.
You feel strong-willed. The boulder beetle hits you!!
* * * LOW HITPOINT WARNING * * *
The boulder beetle stops rolling and uncurls.
Unknown command.
A red film seems to cover your vision as you go berserk!
You feel yourself moving faster!
You feel mighty!
The boulder beetle leaps!
You feel a strong urge to attack something.
The boulder beetle curls into a ball and begins rolling!
You feel your anger nearly subside.
You are no longer berserk.
You are exhausted.
You feel yourself slow down. The boulder beetle hits you!!
You die...

..## ####......##....
.#.###.........#....##.#
....#..##................
.)..#...#........°.......
...#..8.+........°.......
........#.......°........
...............○.........
......##........B........
8....#..........@>.......
....#.#'.##...#P.'.P..##
..8.#.#.###...###..#.## .
....##..##P...###:.#.###..
8.....#####...P##.........
........###...###....P.#.....
.##........#..# #....##.....#
...#.........## ##.### ....#P
....##.....<.#####..####......


You could see a boulder beetle (rolling).

Vanquished Creatures
  Fannar (D:11)
  2 two-headed ogres
  Nergalle (Orc:2)
  An orc high priest (Orc:1)
  Pikel (D:8)
  2 oklob plants (D:11)
  A cyclops (D:10)
  A manticore (D:11)
  Maurice (D:8)
  3 cane toads
  A rime drake (Lair:2)
  5 komodo dragons
  4 trolls
  A hornet (D:9)
  Prince Ribbit (D:7)
  Sigmund (D:3)
  A shadow (D:9)
  A water elemental (D:11)
  A wraith (D:11)
  14 yaks
  A steam dragon (D:7)
  An acid dragon (D:10)
  4 water moccasins
  14 orc warriors
  An ice beast (D:7)
  A sky beast (D:7)
  2 ogres
  4 centaurs
  A phantom (D:3)
  A lemure (D:7)
  3 gnoll sergeants
  6 bullfrogs
  2 scorpions
  9 killer bees
  6 wights
  2 electric eels (D:11)
  2 howler monkeys (D:8)
  Crazy Yiuf (D:4)
  2 centaur zombies
  5 hounds
  17 orc priests
  2 jellies
  3 centaur skeletons
  6 iguanas
  17 orc wizards
  Natasha (thrice) (D:2)
  A killer bee zombie (D:5)
  A mummy (Ossuary)
  A howler monkey zombie (D:9)
  4 adders
  11 gnolls
  2 white imps
  3 ufetubi
  3 worms
  5 dart slugs
  59 orcs
  4 spectral bats (Ossuary)
  5 ball pythons
  7 bats
  6 endoplasms
  8 goblins
  6 hobgoblins
  3 quokkas
  3 bat simulacra (Ossuary)
  7 frilled lizards
  12 gnoll zombies (Ossuary)
  A goblin simulacrum (Ossuary)
  4 goblin zombies (Ossuary)
  5 hobgoblin zombies (Ossuary)
  2 kobolds
  3 kobold simulacra (Ossuary)
  A kobold zombie (Ossuary)
  8 orc zombies (Ossuary)
  6 rats
  3 rat simulacra (Ossuary)
  A spectral goblin (Ossuary)
  7 spectral kobolds (Ossuary)
  2 spectral rats (Ossuary)
354 creatures vanquished.

Vanquished Creatures (others)
  A scorpion (D:7)
  24 plants
25 creatures vanquished.

Grand Total: 379 creatures vanquished

Notes
Turn   | Place    | Note
-------+----------+-------------------------------------------
     0 | D:1      | KamiKatze the Palentonga Berserker began the quest for the
                  | Orb.
     0 | D:1      | Reached XP level 1. HP: 19/19 MP: 1/1
   191 | D:1      | Reached XP level 2. HP: 25/25 MP: 2/2
   218 | D:1      | Found a faded altar of an unknown god.
   417 | D:1      | Reached skill level 4 in Axes
   698 | D:2      | Reached ** piety under Trog
   747 | D:2      | Reached XP level 3. HP: 21/31 MP: 3/3
  1080 | D:2      | Reached skill level 5 in Axes
  1080 | D:2      | Reached XP level 4. HP: 37/37 MP: 4/4
  1080 | D:2      | Noticed Natasha
  1085 | D:2      | Killed Natasha
  1100 | D:2      | Noticed Natasha
  1203 | D:2      | Killed Natasha
  1204 | D:2      | Reached XP level 5. HP: 37/43 MP: 5/5
  1300 | D:2      | Noticed Natasha
  1305 | D:2      | Killed Natasha
  1306 | D:2      | Reached skill level 6 in Axes
  1468 | D:3      | Noticed Sigmund
  1481 | D:3      | Killed Sigmund
  1482 | D:3      | Reached XP level 6. HP: 45/50 MP: 6/6
  1536 | D:3      | Found Usipsad's Armour Shop.
  2174 | D:3      | Gained mutation: You curl defensively after being hit. (AC
                  | +7*) [Palentonga growth]
  2174 | D:3      | Reached XP level 7. HP: 56/56 MP: 7/7
  2484 | D:4      | Reached *** piety under Trog
  2490 | D:4      | Reached skill level 7 in Axes
  2718 | D:4      | Found a sand-covered staircase.
  2768 | Ossuary  | Entered an ossuary
  3228 | Ossuary  | Reached **** piety under Trog
  3445 | D:4      | Found a staircase to the Ecumenical Temple.
  3483 | Temple   | Entered the Ecumenical Temple
  3873 | D:4      | Found a shimmering altar of Xom.
  3916 | D:4      | Found the +6 lightning scales {swift, rElec}
  4336 | D:4      | Found a runed translucent door.
  4337 | D:4      | Noticed Crazy Yiuf
  4343 | D:4      | Killed Crazy Yiuf
  4767 | D:5      | Entered Level 5 of the Dungeon
  4789 | D:5      | Reached XP level 8. HP: 50/65 MP: 8/8
  4905 | D:5      | Found Esuxitu's Book Shoppe.
  5096 | D:5      | Found Ecvolam's Magic Scroll Shop.
  5099 | D:5      | Reached skill level 8 in Axes
  5105 | D:5      | Bought a scroll of fog for 24 gold pieces
  5105 | D:5      | Bought a scroll of teleportation for 36 gold pieces
  5190 | D:5      | Found Cogiuts's General Store.
  5329 | D:5      | Found a bloodstained altar of Trog.
  5330 | D:5      | Found a basalt altar of Yredelemnul.
  5418 | D:5      | Found a hide-covered altar of Uskayaw.
  5921 | D:6      | Reached skill level 5 in Fighting
  6689 | D:6      | Noticed a two-headed ogre
  6755 | D:6      | Killed a two-headed ogre
  6756 | D:6      | Reached skill level 9 in Axes
  6756 | D:6      | Reached XP level 9. HP: 68/73 MP: 9/9
  7140 | D:6      | Identified the +3 rapier "Ceyno" {vorpal, rF+ Will+}
  7450 | D:7      | Noticed a komodo dragon
  7474 | D:7      | Killed a komodo dragon
  7502 | D:7      | Reached skill level 10 in Axes
  7743 | D:7      | Found a broken altar of Ashenzari.
  7861 | D:7      | Reached skill level 5 in Armour
  7861 | D:7      | Reached skill level 5 in Dodging
  7897 | D:7      | Found Giluruts's Jewellery Boutique.
  7992 | D:7      | Found a sacrificial altar of Ru.
  8063 | D:7      | Found a stormy altar of Qazlal.
  8185 | D:8      | Noticed Pikel
  8191 | D:8      | Reached ***** piety under Trog
  8195 | D:8      | Noticed Prince Ribbit
  8554 | D:8      | Noticed Maurice
  8825 | D:7      | Reached XP level 10. HP: 60/82 MP: 10/10
  8992 | D:8      | Killed Pikel
  9092 | D:7      | Killed Prince Ribbit
  9093 | D:7      | Reached skill level 11 in Axes
  9374 | D:8      | Killed Maurice
  9621 | D:8      | Found a sparkling altar of Nemelex Xobeh.
  9716 | D:8      | Found a burning altar of Makhleb.
  9964 | D:9      | Reached skill level 1 in Shields
 10731 | D:9      | Identified the +1 ring mail of the Eternal Fruit {rElec rF-
                  | Int+5 SInv}
 10813 | D:10     | Entered Level 10 of the Dungeon
 10874 | D:10     | Reached XP level 11. HP: 52/90 MP: 11/11
 11461 | D:10     | Noticed a two-headed ogre
 11469 | D:10     | Killed a two-headed ogre
 11580 | D:10     | Found a glowing silver altar of Zin.
 11580 | D:10     | Found a white marble altar of Elyvilon.
 11581 | D:10     | Found a glowing golden altar of the Shining One.
 11732 | D:11     | Reached skill level 12 in Axes
 11798 | D:11     | Noticed Fannar
 11809 | D:11     | Killed Fannar
 11878 | D:11     | Noticed an oklob plant
 12216 | D:10     | Reached skill level 1 in Evocations
 12397 | D:11     | Found a staircase to the Lair.
 12397 | D:11     | Noticed an oklob plant
 12557 | D:11     | Received a gift from Trog
 12850 | D:11     | Found a staircase to the Orcish Mines.
 13092 | Orc:1    | Entered Level 1 of the Orcish Mines
 13102 | Orc:1    | Noticed an orc high priest
 13114 | Orc:1    | Killed an orc high priest
 13734 | Orc:2    | Entered Level 2 of the Orcish Mines
 13819 | Orc:1    | Noticed Nergalle
 13819 | Orc:1    | Noticed Harold
 13832 | Orc:2    | Killed Nergalle
 14048 | D:7      | Bought a ring of resist corrosion for 240 gold pieces
 14049 | D:7      | Bought the ring "Tolu" {Fly rC+ Int+4 Dex+4} for 579 gold
                  | pieces
 14190 | D:11     | Killed an oklob plant
 14351 | D:11     | Killed an oklob plant
 14352 | D:11     | Reached XP level 12. HP: 72/100 MP: 12/12
 14431 | Lair:1   | Entered Level 1 of the Lair of Beasts
 14628 | Lair:1   | Identified the +2 robe "Puoteamici" {Fly rPois Int+2}
 14637 | Lair:1   | Identified the +10 war axe of Kixucen {flame, rF+ Will+
                  | SInv}
 14771 | Lair:1   | Reached skill level 13 in Axes
 15416 | Lair:2   | Noticed a boulder beetle
 15445 | Lair:2   | Slain by a boulder beetle

Illustrated notes

Levels and vault maps discovered:
D:1:      dpeg_arrival_lava_temple_mockup, layout_basic,
          shapermc_ecumenical_altar_acropolis
D:2:      cheibrodos_pilgrimage, layout_rooms, uniq_natasha
D:3:      layout_loops_corners, serial_shops, nicolae_shop_statue_plus,
          uniq_sigmund
D:4:      layout_layer_cave, xom_butterflies, temple_fountains, enter_ossuary_5,
          serial_bayou_ford_a, nrook_loot_triangle, minmay_hedge_maze,
          kennysheep_orc_chapel, uniq_crazy_yiuf_cottage
D:5:      layout_rooms, minitemple, mainiacjoe_overflow_alcove_2, serial_shops,
          nicolae_inconvenience_store, shop, nicolae_shop_statue_plus,
          st_stairs_4, corner_web_ring
D:6:      layout_layer_cave
D:7:      layout_rooms, lemuel_coloured_pillars_altar,
          nicolae_overflow_crystal_walls, mainiacjoe_overflow_alcove_4,
          serial_shops, nicolae_shop_window_shopping, minmay_lizard_king
D:8:      layout_rooms, mainiacjoe_overflow_boulevard, lightli_temple_of_fire,
          uniq_maurice, uniq_pikel, uniq_prince_ribbit1
D:9:      layout_long_grid
D:10:     layout_basic, good_gods_temple_1
D:11:     layout_roguey, dpeg_oklobed_lair, erik_orc_2, uniq_fannar
Temple:   eino_wide_crystal_templ
Lair:1:   layout_cave_pods, grunt_forest_small_clearings
Lair:2:   cheibrodos_lair_river_kwai, layout_regular_city, grunt_megastairs_4
Orc:1:    layout_caves, uniq_harold, uniq_nergalle
Orc:2:    grunt_orc_community_town_hall, layout_caves,
          grunt_orc_community_big_house_2, grunt_orc_community_big_house_2,
          grunt_orc_community_house_2, grunt_orc_community_house_3,
          grunt_orc_community_house_3, grunt_orc_community_house_3,
          grunt_orc_community_house_3, basic_altar

Skill      XL: |  1  2  3  4  5  6  7  8  9 10 11 12 |
---------------+-------------------------------------+-----
Axes           | 4 5 6 7 9 10 11 12 13 | 13.1
Armour         | 2 3 4 5 6 7 |  7.1
Dodging        | 2 3 4 5 6 7 |  7.1
Fighting       | 4 5 6 7 8 9 |  9.0
Shields        | 2 4 |  4.2
Evocations     | 3 |  3.0

Action                   |  1- 3 |  4- 6 |  7- 9 | 10-12 || total
-------------------------+-------+-------+-------+-------++-------
Melee: Hand axe          |    82 |    79 |   600 |     9 ||   770
       Tailslap          |     7 |     9 |   100 |    70 ||   186
       Punch             |       |       |    10 |     1 ||    11
       War axe           |       |       |       |   397 ||   397
       Broad axe         |       |       |       |   109 ||   109
Throw: Dart              |       |       |       |     5 ||     5
       Stone             |       |       |       |     1 ||     1
Invok: Berserk           |     1 |     2 |    10 |    11 ||    24
       Trog's Hand       |       |       |     1 |     4 ||     5
Evoke: Wand              |       |       |       |     4 ||     4
  Use: Scroll            |       |       |     8 |     6 ||    14
Armor: Animal skin       |    22 |       |       |       ||    22
       Ring mail         |     5 |    24 |   100 |     5 ||   134
       Leather armour    |       |       |   285 |   297 ||   582
Dodge: Dodged            |    47 |    35 |   276 |   212 ||   570
Block: Buckler           |       |       |       |    88 ||    88
